 Dungeon Sprint DCSS version 0.30-a0-365-ge7f957f1db (webtiles) character file.

Game seed: 11209758816607830700

4884 rocky1 the Champion of Chaos (level 10, -1/88 HPs)
             Began as a Demonspawn Monk on Nov 18, 2022.
             Was the Champion of Makhleb.
             Slain by a fire elemental (4 damage)
             ... summoned by a deep elf pyromancer
             ... in the Dungeon (Sprint VII: "The Pits").
             The game lasted 00:08:43 (1217 turns).

rocky1 the Champion of Chaos (Demonspawn Monk)      Turns: 1217, Time: 00:08:44

Health: -1/88      AC: 21    Str: 14    XL:     10   Next: 26%
Magic:  19/19      EV: 11    Int: 13    God:    Makhleb [******]
Gold:   0          SH:  6    Dex: 19    Spells: 9/9 levels left

rFire   + . .      SeeInvis .    o - +0 long sword (flame)
rCold   + . .      Faith    .    p - +0 buckler
rNeg    . . .      Spirit   .    u - +4 chain mail
rPois   +          Reflect  .    t - +0 helmet
rElec   +          Harm     .    (no cloak)
rCorr   +          Rampage  .    (gloves unavailable)
Will    .....      NoTele   +    (no boots)
Stlth   ..........               (no amulet)
HPRegen 0.34/turn                f - +3 ring of protection
MPRegen 0.16/turn                q - +3 ring of strength

@: resistant
A: molten scales 1, powered by death 3, powered by pain 1, demonic touch 3
a: Renounce Religion, Minor Destruction, Lesser Servant of Makhleb, Major
Destruction, Greater Servant of Makhleb


You were in the Dungeon.
You worshipped Makhleb.
Makhleb was exalted by your worship.
You visited 1 branch

Inventory:

Hand Weapons
 a - a +0 falchion
 m - a +2 falchion
 o - a +0 long sword of flaming (weapon)
 v - a +2 rapier of venom
Armour
 b - a +0 robe
 n - a +3 scale mail
 p - a +0 buckler (worn)
 t - a +0 helmet (worn)
 u - a +4 chain mail (worn)
Jewellery
 f - a +3 ring of protection (left hand)
 q - a +3 ring of strength (right hand)
Scrolls
 k - 5 scrolls of amnesia
Potions
 c - a potion of ambrosia
 d - 7 potions of curing
 e - 3 potions of heal wounds
 g - 4 potions of magic
 j - a potion of invisibility
 s - 2 potions of mutation


   Skills:
 + Level 11.4 Fighting
 + Level 10.6 Long Blades
 + Level 8.7 Armour
 + Level 10.5 Dodging
 - Level 2.9 Stealth
 + Level 7.3 Shields
 + Level 12.2 Invocations


You had 9 spell levels left.
You didn't know any spells.
Your spell library was empty.

Dungeon Overview and Level Annotations

Branches:
Dungeon (1/1)

Altars:
Ashenzari
Cheibriados
Dithmenos
Fedhas
Gozag
Hepliaklqana
Kikubaaqudgha
Makhleb
Nemelex Xobeh
Okawaru
Qazlal
Ru
Sif Muna
Trog
Uskayaw
Vehumet
Wu Jian
Xom
Yredelemnul
Jiyva
Lugonu


Innate Abilities, Weirdness & Mutations

You are partially covered in molten scales. (AC +2)
You regenerate a lot of health from kills.
You sometimes gain a little power by taking damage.
Your touch may irresistibly damage your foes and sap their willpower.


Message History

The polar bear claws you but does no damage.
You hear a bleat!
You slash the polar bear! You burn the polar bear.
The polar bear is heavily wounded.
The fire elemental hits you. The fire elemental burns you! You resist.
The polar bear closely misses you.
The polar bear claws you but does no damage.
You block the polar bear's attack.
You slash the polar bear! You burn the polar bear.
The polar bear is severely wounded.
The fire elemental hits you. The fire elemental burns you! You resist.
The demonic crawler shrieks in warning!
The polar bear goes berserk!
You hit the polar bear but do no damage.
The polar bear is severely wounded.
The fire elemental misses you. The polar bear bites you.
You block the polar bear's attack. The polar bear closely misses you.
The fire elemental hits you. The fire elemental burns you! You resist.
You hit the polar bear. You burn the polar bear.
The polar bear is severely wounded.
You block the polar bear's attack. x2; The polar bear barely misses you.
You block the fire elemental's attack.
You barely miss the polar bear.
The polar bear is severely wounded.
The polar bear bites you!
* * * LOW HITPOINT WARNING * * *
The polar bear claws you but does no damage.
The polar bear closely misses you. The fire elemental hits you.
The fire elemental burns you! You resist.
* * * LOW HITPOINT WARNING * * *
The demonic crawler shrieks in warning!
You hear a bleat!
You slash the polar bear! You burn the polar bear.
The polar bear is almost dead.
The polar bear bites you.
* * * LOW HITPOINT WARNING * * *
The polar bear closely misses you. The polar bear claws you.
* * * LOW HITPOINT WARNING * * *
The fire elemental hits you. The fire elemental burns you! You resist.
You die...

#.......##..####.....##.
#.......##...##......#.
##########....'......' '
##########...##......# .#
...#.[..##..####...ยง.#
.##
...#...[##..##.##cn.##...#
...'..))##..##..##.##.....
...#..).##..# #.E#s#......
...#..))##..# #@hwG..#
############# ########


You could see a tyrant leech, a demonic crawler (catching breath), an eye of
devastation, a polar bear (berserk) and a fire elemental (summoned).

Vanquished Creatures
  A shadow wraith (D)
  A flayed ghost (D)
  A manticore (D)
  A cyclops (D)
  A smoke demon (D)
  A guardian mummy (D)
  A red devil (D)
  Grinder (D)
  6 dream sheep (D)
  A spriggan (D)
  A shadow (D)
  A ynoxinul (D)
  An acid dragon (D)
  3 phantoms (D)
  A gnoll sergeant (D)
  3 scorpions (D)
  2 jellies (D)
  2 adders (D)
  4 gnolls (D)
  A ball python (D)
  2 bats (D)
  A bat zombie (D)
  2 endoplasms (D)
  2 giant cockroaches (D)
  A hobgoblin (D)
  A kobold (D)
  A quokka (D)
  A ball python zombie (D)
  2 frilled lizards (D)
47 creatures vanquished.

Notes
Turn   | Place    | Note
-------+----------+-------------------------------------------
     0 | D        | rocky1 the Demonspawn Monk began the quest for the Orb.
     0 | D        | Reached XP level 1. HP: 18/18 MP: 1/1
    11 | D        | Noticed a scorpion
    17 | D        | Killed a scorpion
    18 | D        | Reached skill level 5 in Fighting
    18 | D        | Gained mutation: You regenerate a little health from kills.
                  | [demonic ancestry]
    18 | D        | Reached XP level 2. HP: 27/27 MP: 2/2
    18 | D        | Gained mutation: Your touch may inflict minor irresistible
                  | damage on your foes. [demonic ancestry]
    18 | D        | Reached XP level 3. HP: 33/33 MP: 3/3
    21 | D        | Found a bloodstained altar of Trog.
    21 | D        | Found a shimmering blue altar of Sif Muna.
    21 | D        | Found a viscous altar of Jiyva.
    21 | D        | Found a hazy altar of Hepliaklqana.
    21 | D        | Found an opulent altar of Gozag.
    22 | D        | Found a basalt altar of Yredelemnul.
    22 | D        | Found a shimmering altar of Xom.
    22 | D        | Found an ornate altar of the Wu Jian Council.
    22 | D        | Found a sacrificial altar of Ru.
    22 | D        | Found a stormy altar of Qazlal.
    22 | D        | Found an iron altar of Okawaru.
    22 | D        | Found a sparkling altar of Nemelex Xobeh.
    22 | D        | Found a burning altar of Makhleb.
    22 | D        | Found a blossoming altar of Fedhas.
    22 | D        | Found a shadowy altar of Dithmenos.
    22 | D        | Found a snail-covered altar of Cheibriados.
    25 | D        | Found a corrupted altar of Lugonu.
    25 | D        | Found a radiant altar of Vehumet.
    26 | D        | Found an ancient bone altar of Kikubaaqudgha.
    26 | D        | Found a hide-covered altar of Uskayaw.
    26 | D        | Found a broken altar of Ashenzari.
    54 | D        | Became a worshipper of Makhleb the Destroyer
    54 | D        | Reached * piety under Makhleb
    54 | D        | Reached ** piety under Makhleb
   102 | D        | Gained mutation: Your touch may inflict irresistible damage
                  | on your foes. [demonic ancestry]
   102 | D        | Reached XP level 4. HP: 27/39 MP: 4/4
   177 | D        | Noticed a scorpion
   187 | D        | Reached *** piety under Makhleb
   198 | D        | Killed a scorpion
   199 | D        | Reached skill level 5 in Long Blades
   199 | D        | Reached skill level 5 in Dodging
   202 | D        | Reached XP level 5. HP: 40/47 MP: 5/5
   276 | D        | Noticed Grinder
   282 | D        | Reached **** piety under Makhleb
   284 | D        | Reached skill level 1 in Invocations
   290 | D        | Paralysed by Grinder for 4 turns
   299 | D        | Killed Grinder
   300 | D        | Reached skill level 5 in Invocations
   300 | D        | Gained mutation: You regenerate health from kills. [demonic
                  | ancestry]
   300 | D        | Reached XP level 6. HP: 55/55 MP: 6/9
   301 | D        | Reached ***** piety under Makhleb
   314 | D        | Reached skill level 6 in Invocations
   314 | D        | Gained mutation: Your touch may irresistibly damage your
                  | foes and sap their willpower. [demonic ancestry]
   314 | D        | Reached XP level 7. HP: 58/62 MP: 7/11
   377 | D        | Noticed a manticore
   383 | D        | Killed a manticore
   384 | D        | Reached skill level 5 in Armour
   384 | D        | Reached skill level 7 in Invocations
   397 | D        | Reached ****** piety under Makhleb
   538 | D        | Noticed a cyclops
   556 | D        | Reached skill level 8 in Invocations
   556 | D        | Gained mutation: You are partially covered in molten
                  | scales. (AC +2) [demonic ancestry]
   556 | D        | Reached XP level 8. HP: 46/71 MP: 12/14
   569 | D        | Killed a cyclops
   711 | D        | Reached skill level 9 in Invocations
   757 | D        | Killed a shadow wraith
   758 | D        | Reached skill level 10 in Fighting
   758 | D        | Reached skill level 5 in Shields
   758 | D        | Gained mutation: You sometimes gain a little power by
                  | taking damage. [demonic ancestry]
   758 | D        | Reached XP level 9. HP: 37/78 MP: 14/16
   863 | D        | Noticed a guardian mummy
   863 | D        | Noticed a smoke demon
   863 | D        | Noticed a flayed ghost
   895 | D        | Reached skill level 10 in Invocations
   909 | D        | Killed a flayed ghost
   914 | D        | Killed a guardian mummy
   922 | D        | Killed a smoke demon
   923 | D        | Reached skill level 10 in Long Blades
   923 | D        | Reached skill level 11 in Invocations
  1131 | D        | Reached skill level 10 in Dodging
  1137 | D        | Gained mutation: You regenerate a lot of health from kills.
                  | [demonic ancestry]
  1137 | D        | Reached XP level 10. HP: 80/87 MP: 18/18
  1144 | D        | Reached skill level 12 in Invocations
  1190 | D        | Noticed a bog body
  1196 | D        | Noticed a deep elf pyromancer
  1202 | D        | Noticed an eye of devastation
  1217 | D        | HP: 3/88 [polar bear (6)]
  1217 | D        | Slain by a fire elemental

Illustrated notes

Levels and vault maps discovered:
D:        pitsprint [storerooms_1, entrance_room_1, metal_vault_3, armoury_1,
          mini_pit_1, grid_room_1, main_hall_1, silver_pit, the_coven_3,
          the_vestibule_1, steel_vault_3, golden_pit, hallway_of_sentries,
          crystal_vault_4, iron_vault_4, final_vault]

Skill      XL: |  1  2  3  4  5  6  7  8  9 10 |
---------------+-------------------------------+-----
Fighting       | 5 6 7 8 9 10 11 | 11.4
Long Blades    | 4 5 7 8 9 10 | 10.6
Dodging        | 4 5 6 7 8 9 10 | 10.5
Stealth        | 2 |  2.9
Invocations    | 5 6 8 9 11 12 | 12.2
Armour         | 3 4 5 6 8 |  8.7
Shields        | 3 5 6 7 |  7.3

Action                   |  1- 3 |  4- 6 |  7- 9 | 10-12 || total
-------------------------+-------+-------+-------+-------++-------
Melee: Falchion          |    12 |    20 |       |       ||    32
       Touch             |     1 |    11 |       |       ||    12
       Long sword        |       |    23 |   132 |    47 ||   202
  Use: Potion            |     1 |     4 |    10 |     1 ||    16
       Scroll            |       |       |     1 |     1 ||     2
 Stab: Sleeping          |     1 |       |     1 |       ||     2
       Invisible         |       |     4 |       |       ||     4
Armor: Robe              |     3 |     6 |       |       ||     9
       Scale mail        |       |     5 |    14 |       ||    19
       Chain mail        |       |       |    59 |    42 ||   101
Dodge: Dodged            |     8 |    26 |    36 |    28 ||    98
Block: Buckler           |       |       |    29 |    14 ||    43

Table legend: (Time is in decaauts)
 A = Elapsed time spent in this place.
 B = Non-inter-level travel time spent in this place.
 C = Inter-level travel time spent in this place.
 D = Time resting spent in this place.
 E = Time spent auto-exploring this place.
 F = Levels seen in this place.
 G = Mean time per level.
                   A        B        C        D        E       F      G
               +--------+--------+--------+--------+--------+-----+--------+
         Total |   1274 |   1210 |     64 |    488 |      0 |   1 | 1274.0 |
       Dungeon |   1274 |   1210 |     64 |    488 |      0 |   1 | 1274.0 |
               +--------+--------+--------+--------+--------+-----+--------+

Top non-repeatable levels by time:
       D: 1274 daAuts
